details: 'orc mirro'

« prev index next »

General information

Mini Map

Players

team 1
OrcQuRious (teal | 204 APM | 3903 actions | 19:10)
Hero icon 5 Blademaster
Ability icon 3 Wind Walk
Ability icon 2 Critical Strike
Hero icon 3 Shadow Hunter
Ability icon 1 Hex
Ability icon 2 Healing Wave

» actions
Assign group hotkey188
Basic commands181
Build / train82
ESC pressed7
Enter build submenu15
Enter hero's abilities submenu8
Give item / drop item9
Right click1228
Select / deselect282
Select group hotkey1762
Use ability141
3903 total
» units
Peon8
Grunt5
Raider6
Wind Rider6
Spirit Walker2
27 total
» upgrades
Berserker Strength1
Ensnare1
Spiked Barricades2
Ranged Weapons1
Armor1
Spirit Walker Training1
Envenomed Spears1
8 total
» buildings
Altar of Storms1
Orc Burrow6
Barracks1
Stronghold3
Voodoo Lounge1
Beastiary2
War Mill1
Fortress2
Spirit Lodge1
18 total
» build order
00:05 Altar of Storms
00:15 Orc Burrow
00:36 Barracks
01:33 Orc Burrow
02:45 Stronghold
02:45 Stronghold
03:08 Voodoo Lounge
03:58 Orc Burrow
05:12 Beastiary
08:03 Beastiary
08:37 Orc Burrow
08:40 Orc Burrow
09:10 War Mill
10:25 Fortress
10:25 Fortress
14:25 Spirit Lodge
15:07 Orc Burrow
» items
Circlet of Nobility3
Healing Salve5
Boots of Speed1
Lesser Clarity Potion4
Orb of Lightning1
Tiny Great Hall1
Potion of Healing1
16 total
team 2
OrcStonerCraft46n2 (purple | 51 APM | 975 actions | 19:10)
Hero icon 5 Blademaster
Ability icon 2 Wind Walk
Ability icon 3 Critical Strike
Hero icon 2 Shadow Hunter
Ability icon 1 Healing Wave
Ability icon 1 Hex

» actions
Basic commands99
Build / train64
Enter build submenu22
Enter hero's abilities submenu7
Give item / drop item2
Right click263
Select / deselect410
Use ability108
975 total
» units
Peon13
Grunt12
Troll Headhunter/Berserker9
Troll Batrider3
Raider4
Kodo Beast1
42 total
» upgrades
Pillage1
Armor1
Spiked Barricades2
Berserker Strength1
Ensnare1
6 total
» buildings
Altar of Storms1
Orc Burrow5
Barracks1
Voodoo Lounge3
War Mill1
Great Hall2
Watch Tower5
Stronghold1
Beastiary1
20 total
» build order
00:03 Altar of Storms
00:05 Orc Burrow
00:58 Barracks
01:20 Orc Burrow
01:39 Voodoo Lounge
03:05 Orc Burrow
04:38 War Mill
05:28 Orc Burrow
05:50 Great Hall
06:18 Watch Tower
07:33 Stronghold
07:38 Watch Tower
08:13 Watch Tower
09:01 Watch Tower
09:38 Voodoo Lounge
10:27 Beastiary
13:59 Watch Tower
14:25 Voodoo Lounge
15:31 Great Hall
16:23 Orc Burrow
» items
Healing Salve4
Lesser Clarity Potion1
Potion of Healing1
6 total